Map: Rifts to Korhal

Players

wasp

  • Race: Protoss Protoss

larsgj

  • Race: Terran Terran

VOD

Have the link to the VOD?

Description

Time

  • Played on: Sept. 7, 2018, 10:33 a.m.
  • Length: 23:18
Show
View Real Time Build Order
Export as new Build Order

wasp Protoss 

Build Orders:  

Get SALT Encoding   

  1  0:00  Probe x12 (Chrono Boost)  
    0:11  Unknown x4  
  12  0:32  Pylon  
  12  0:41  Assimilator  
  12  0:51  Assimilator  
  12  1:16  Gateway  
  12  1:34  Forge  
  12  1:49  Gateway  
  12  2:05  Pylon  
  12  2:09  Probe (Chrono Boost)  
  13  2:23  Probe (Chrono Boost)  
  14  2:40  Zealot  
  16  3:05  Zealot  
  16  3:09  Zealot  
  20  3:22  Gateway  
  20  3:35  Zealot  
  22  3:45  Zealot  
  24  4:01  Pylon  
  24  4:49  Zealot  
  26  4:50  Cybernetics Core  
  26  4:51  Zealot  
  28  5:07  Zealot  
  30  5:47  Twilight Council  
  30  5:53  Zealot  
  32  6:23  Zealot x2  
  36  6:35  Protoss Air Armor Level 1  
  36  7:08  Pylon  
  36  8:04  Zealot  
  36  8:06  Zealot  
  36  8:07  Zealot  
  42  8:13  Charge  
  42  9:13  Singularity Charge  
  42  9:15  Protoss Air Weapons Level 1  
  42  9:19  Zealot  
  44  9:21  Zealot  
  44  9:24  Zealot  
  36  10:40  Whirlwind  
  36  10:45  Zealot x2  
  36  10:46  Zealot  
  36  10:47  Zealot  
  44  10:50  Zealot  
  46  11:11  Pylon  
  46  11:22  Pylon  
  46  11:32  Pylon  
  46  11:39  Zealot  
  48  11:52  Zealot  
  50  13:28  Zealot x2  
  50  13:29  Zealot x4  
  62  14:59  Zealot x2  
  66  15:00  Zealot x2  
  56  18:28  Zealot  
  48  18:42  Zealot x2  
  48  18:44  Zealot x2  
  48  18:45  Zealot  
  48  18:46  Zealot x3  
  64  20:16  Zealot  
  66  20:29  Zealot  
  68  20:31  Zealot  
Show
View Real Time Build Order
Export as new Build Order

larsgj Terran 

Build Orders:  

Get SALT Encoding   

  1  0:00  Orbital Command, SCV x12  
    0:11  Unknown x3  
    0:14  SCV  
  13  0:33  SCV  
  13  0:39  Supply Depot  
  14  0:56  Supply Depot  
  14  1:10  SCV  
  14  1:15  Barracks  
  15  1:27  SCV  
  16  1:33  Refinery  
  16  1:44  SCV  
  16  1:49  Refinery  
  17  1:54  Marine  
  18  2:01  SCV  
  18  2:06  Marine  
  20  2:26  SCV  
  20  2:29  Marine  
  22  2:43  SCV  
  23  2:51  Supply Depot  
  23  3:00  SCV  
  23  3:07  Supply Depot  
  24  3:17  SCV  
  25  3:25  Barracks  
  25  3:33  SCV  
  26  3:46  Engineering Bay  
  27  3:50  SCV  
  27  3:55  Barracks Tech Lab  
  28  4:06  Barracks Tech Lab  
  28  4:10  SCV  
  28  4:14  Marine  
  29  4:26  Marine  
  30  4:38  Marine, Supply Depot  
  31  4:51  Unknown, Marine  
  31  4:58  Marine  
  33  5:03  Marine  
  34  5:11  Marine  
  34  5:16  Marine  
  36  5:23  Marine  
  36  5:28  Marine  
  38  5:35  Marine  
  39  5:41  Marine  
  40  5:52  Stabilizer Medpacks  
  40  6:02  Medic x2  
  44  6:14  Medic x2  
  44  6:16  Terran Infantry Weapons Level 1  
  48  6:38  Marine x2  
  50  6:50  Barracks, Marine  
  51  7:12  Missile Turret  
  51  7:18  Orbital Command  
  51  8:26  Marine  
  51  8:39  Marine  
  41  8:51  Marine  
  41  8:56  Terran Infantry Armor Level 1  
  41  9:04  Marine  
  42  9:16  Marine  
  42  9:21  Marine  
  42  9:26  Barracks Tech Lab  
  42  9:29  Marine  
  45  9:34  Marine  
  46  9:41  Marine  
  46  9:46  Marine x2  
  47  9:53  Marine  
  47  9:59  Marine x2  
  49  10:06  Marine  
  49  10:11  Marine x2  
  49  10:18  Marine  
  52  10:24  Marine, Medic  
  55  10:44  Supply Depot  
  55  11:09  Factory  
  55  11:14  SCV, Medic x3  
  55  11:15  Supply Depot  
  62  11:31  SCV  
  62  11:36  Structure Armor  
  63  11:45  Medic  
  63  11:47  Supply Depot  
  63  11:48  SCV  
  66  12:06  Marine  
  66  12:07  Marine x2  
  69  12:18  Marine, Supply Depot  
  69  12:19  Marine x2  
  72  12:31  Marine  
  72  12:32  Marine x2  
  75  12:43  Marine  
  75  12:44  Marine x2  
  75  12:46  Armory  
  75  12:49  Supply Depot  
  78  12:56  Marine x3  
  81  13:08  Marine  
  81  13:09  Marine x2  
  84  13:21  Marine, Supply Depot  
  85  13:52  Supply Depot  
  85  14:23  Marine  
  85  14:24  Marine x2, Supply Depot  
  88  14:35  Marine  
  88  14:36  Marine x2  
  91  14:48  Marine  
  91  14:49  Marine x2  
  94  14:56  Supply Depot  
  94  15:00  Marine  
  94  15:01  Marine x2  
  97  15:13  Marine x3  
  99  15:25  Medic  
  99  15:26  Medic x2  
  105  15:38  Medic x3  
  111  15:50  Medic  
  111  15:51  Marine x2  
  115  17:19  Marine  
  115  17:20  Marine x2  
  118  17:32  Marine x3  
  121  17:44  Marine  
  121  17:45  Marine x2  
  124  17:57  Marine x3  
  127  18:35  Supply Depot  
  127  19:05  Marine, Medic x2  
  127  19:07  Supply Depot  
  132  19:17  Medic  
  134  19:30  Marine  
  134  19:37  Medic x2  
  139  19:40  Supply Depot  
  139  19:42  Marine  
  139  19:49  Marine x2  
  140  19:55  Marine  
  143  20:09  Marine, Medic  
  143  20:11  Supply Depot  
  146  20:22  Marine, Medic  
  149  20:44  Supply Depot  
  149  21:16  Supply Depot  
  144  21:51  Supply Depot  
  143  22:00  Marine  
  143  22:01  Marine x2  
  146  22:13  Marine x2  
  146  22:14  Marine  
  148  22:23  Supply Depot  
  148  22:25  Marine  
  148  22:26  Marine x2  
  151  22:38  Marine x3  
Tags
 
Commander
ArtanisRaynor
Matchup
Co-op
Replay Pack
Multiplayer
Add a new tag
Caveats
  • Supply blocks, unpowered buildings, or Contaminate may cause inaccurate times.
  • Supply counts are checked every 10 seconds.